AoeStats
← AoM92

Nomad

510330818Analyzed
4v4 RM · 2d ago on Sep 30, 2026· 36m 49s· 8 players
Game mode
Random Map
Map size
231×231
Population
200
Speed
Normal
Resources
Standard
Victory
Conquest
Starting age
Dark Age
Ending age
Imperial Age
RankedLock teamsTeams togetherTeam positionsShared explorationLock speedFull tech treeHidden civsTurbo modeCheats
Victory
Defeat
🇭🇺 Franks · Hungary
1306
+14
🇺🇸 Varangians · United States
1280
+15
🇺🇿 Italians · Uzbekistan
1261
+16
🇨🇳 Cumans · China
1255
+16
🇹🇼 Varangians · Taiwan
1292
-17
🇹🇼 Mongols · Taiwan
1277
-16
🇹🇼 Magyars · Taiwan
1261
-15
🇧🇩 Tatars · Bangladesh
1203
-13
AoM92
11:50 Loom
14:18 Feudal Age
16:49 Town Watch
22:31 Double-Bit Axe
29:55 Castle Age
33:01 Scale Barding Armor
34:12 Forging
35:39 Husbandry
清纯帝
13:42 Feudal Age
14:34 Double-Bit Axe
21:37 Castle Age
21:54 Forging
21:27 Horse Collar
25:51 Bloodlines
26:32 Loom
26:50 Pikeman
29:45 Capped Ram
34:00 Iron Casting
SLAMCOW
8:39 Loom
15:04 Feudal Age
16:56 Double-Bit Axe
16:48 Man-at-Arms
17:14 Arson
23:59 Castle Age
22:48 Fishing Lines
31:58 Bow Saw
33:31 Scale Barding Armor
34:34 Wheelbarrow
35:52 Chain Barding Armor
35:42 Forging
39:11 Imperial Age
37:28 Hand Cart
karbid
4:52 Loom
13:33 Feudal Age
17:26 Castle Age
24:50 Imperial Age
22:46 Fletching
24:04 Ballistics
24:09 Bodkin Arrow
26:23 Wheelbarrow
27:09 Chemistry
28:01 Bracer
29:28 Padded Archer Armor
31:16 Leather Archer Armor
31:14 Town Watch
32:30 Ring Archer Armor
33:12 Double-Bit Axe
35:09 Bow Saw
AoBD I Ruman
4:02 Loom
13:56 Feudal Age
14:29 Double-Bit Axe
23:42 Castle Age
21:46 Gold Mining
22:00 Fletching
23:19 Bloodlines
22:54 Horse Collar
24:13 Padded Archer Armor
25:03 Bow Saw
25:05 Bodkin Arrow
31:18 Wheelbarrow
31:36 Ballistics
32:44 Leather Archer Armor
38:42 Imperial Age
xbuner2009
5:14 Loom
13:10 Feudal Age
18:11 Castle Age
16:26 Double-Bit Axe
17:04 Fishing Lines
17:57 Fletching
17:55 Horse Collar
20:01 Bow Saw
25:20 Heavy Plow
aireight
7:19 Loom
16:33 Feudal Age
20:43 Castle Age
19:27 Bloodlines
19:24 Scale Barding Armor
20:17 Forging
20:33 Double-Bit Axe
22:06 Chain Barding Armor
22:52 Wheelbarrow
25:34 Fletching
26:51 Bodkin Arrow
27:51 Town Watch
28:45 Hand Cart
33:29 Gold Mining
34:07 Horse Collar
34:39 Bow Saw
34:05 Elite Skirmisher
A POPO
9:47 Loom
14:33 Feudal Age
15:00 Double-Bit Axe
19:50 Castle Age
19:04 Scale Barding Armor
21:22 Wheelbarrow
20:09 Light Cavalry
21:01 Horse Collar
25:31 Chain Barding Armor
27:06 Bloodlines
32:13 Bow Saw
34:39 Corvinian Army
Connection lost

Rejoining the realm…

Still unreachable

The connection could not be restored.

Session expired

The server has moved on; the page needs a fresh start.